 Dungeon Crawl Stone Soup version 0.21.1-1-g345015f (webtiles) character file.

232 inc the Skirmisher (level 6, -7/66 HPs)
             Began as an Ogre Hunter on June 16, 2018.
             Mangled by Natasha (10 damage)
             ... on level 4 of the Dungeon.
             The game lasted 00:06:20 (4409 turns).

inc the Skirmisher (Ogre Hunter)                    Turns: 4409, Time: 00:06:21

Health: -7/66      AC:  3    Str: 17    XL:     6   Next: 4%
Magic:  6/6        EV: 10    Int: 19    God:
Gold:   176        SH:  0    Dex:  9    Spells: 5/5 levels left

rFire    . . .     SeeInvis .   v - +0 flail
rCold    . . .     Gourm    .   (no shield)
rNeg     . . .     Faith    .   b - +0 robe
rPois    .         Spirit   .   (helmet restricted)
rElec    .         Reflect  .   (no cloak)
rCorr    .         Harm     .   (gloves unavailable)
MR       .....                  (boots unavailable)
Stlth    +.........             (no amulet)
HPRegen  0.21/turn              (no ring)
MPRegen  0.10/turn              (no ring)

@: brilliant
A: large, unfitting armour, beak, tough skin 1, evolution 1
a: no special abilities


You were on level 4 of the Dungeon.
You were not hungry.

You visited 1 branch of the dungeon, and saw 4 of its levels.

You collected 176 gold pieces.

Inventory:

Hand Weapons
 a - a +0 short sword
 v - a +0 flail (weapon)
Missiles
 w - a throwing net (quivered)
Armour
 b - a +0 robe (worn)
Jewellery
 e - a +3 ring of evasion {unknown}
 m - a +2 ring of intelligence {unknown}
Scrolls
 c - a scroll of magic mapping {unknown}
 h - a scroll of identify {unknown}
 k - a scroll of amnesia {unknown}
 l - 2 scrolls of remove curse
 n - a scroll of fog {unknown}
 p - 2 scrolls of teleportation {unknown}
 q - 2 scrolls of enchant armour {unknown}
 t - 2 scrolls of enchant weapon {unknown}
 u - 3 scrolls of blinking {unknown}
Potions
 d - a potion of ambrosia {unknown}
 j - a potion of haste
Comestibles
 f - 11 rations


   Skills:
 - Level 5.6 Fighting
 + Level 2.4 Maces & Flails
 - Level 4.7 Throwing
 - Level 2.3 Dodging
 - Level 0.6 Stealth


You had 5 spell levels left.
You didn't know any spells.

Dungeon Overview and Level Annotations

Branches:
Dungeon (4/15)
 Temple: D:4-7

Altars:
Trog

Annotations:
D:4 Eustachio; Gaball's ghost, novice VSGl; Natasha


Innate Abilities, Weirdness & Mutations

You are too large for most types of armour.
You have tough skin. (AC +1)
You have a beak for a mouth.
You evolve.


Message History

It was a potion of magic.
Magic courses through your body. The worker ant bites you. Natasha claws you.
* * * LOW HITPOINT WARNING * * *
It was a potion of mutation.
You feel extremely strange.
You feel nature experimenting on you.
Don't worry, failures die fast.
Your mouth lengthens and hardens into a beak!
The worker ant barely misses you.
Natasha howls an incantation.
You feel disoriented. Natasha claws you.
* * * LOW HITPOINT WARNING * * *
It was a potion of heal wounds.
You feel much better. The worker ant bites you. Natasha claws you!
* * * LOW HITPOINT WARNING * * *
The worker ant barely misses you.
The orc priest mumbles some strange prayers to Beogh against you.
Beogh smites you!
* * * LOW HITPOINT WARNING * * *
Natasha claws you!
You die...

### ..# #.# ##.#
..#######
..#####[.......
#....h@# #.####a# #)#
#o### #oo.### #.....#
..o.o...###.#########
#.o###..# #.........#
....# #.#######.#


You could see a worker ant, an orc priest, Natasha and 2 orcs.

Vanquished Creatures
  A scorpion (D:4)
  A howler monkey (D:4)
  5 adders
  5 worms (D:2)
  3 dart slugs
  5 leopard geckos
  An orc (D:4)
  6 bats
  7 giant cockroaches
  6 goblins
  6 hobgoblins
  5 jackals
  5 kobolds
  4 quokkas
  A ball python (D:3)
  4 frilled lizards
  10 rats
75 creatures vanquished.

Notes
Turn   | Place    | Note
-------+----------+-------------------------------------------
     0 | D:1      | inc the Ogre Hunter began the quest for the Orb.
     0 | D:1      | Reached XP level 1. HP: 22/22 MP: 1/1
    31 | D:1      | Reached skill level 3 in Fighting
    67 | D:1      | Reached XP level 2. HP: 31/31 MP: 2/2
   260 | D:1      | Reached skill level 4 in Fighting
   632 | D:1      | Reached XP level 3. HP: 38/40 MP: 3/3
   850 | D:2      | Reached skill level 5 in Fighting
  1249 | D:2      | Found a bloodstained altar of Trog.
  1277 | D:2      | Reached XP level 4. HP: 44/50 MP: 4/4
  2696 | D:3      | Reached XP level 5. HP: 55/58 MP: 5/5
  3575 | D:4      | Reached skill level 1 in Maces & Flails
  3576 | D:4      | Noticed Gaball's ghost (novice VSGl)
  3577 | D:4      | Noticed Eustachio
  3698 | D:4      | Reached XP level 6. HP: 19/66 MP: 6/6
  4402 | D:4      | Noticed Natasha
  4407 | D:4      | Gained mutation: You evolve. [potion of mutation]
  4407 | D:4      | Gained mutation: You have a beak for a mouth. [potion of mutation]
  4409 | D:4      | HP: 3/66 [orc priest/divine providence (15)]
  4409 | D:4      | Mangled by Natasha

Skill      XL: |  1  2  3  4  5 |
---------------+----------------+-----
Fighting       | 3 4 5 |  5.6
Dodging        | 2 |  2.3
Maces & Flails | 2 |  2.4
Throwing       | |  4.7
Stealth        | |  0.6

Action                   |  1- 3 |  4- 6 || total
-------------------------+-------+-------++-------
Melee: Short sword       |   127 |   202 ||   329
       Flail             |       |    22 ||    22
Throw: Large rock        |     7 |    19 ||    26
       Throwing net      |       |     5 ||     5
  Use: Potion            |       |     7 ||     7
       Scroll            |       |     1 ||     1
 Stab: Sleeping          |       |     3 ||     3
       Held in net/web   |       |     1 ||     1
  Eat: Chunk             |     1 |     8 ||     9
       Ration            |       |     1 ||     1
Armor: Robe              |    60 |    77 ||   137
Dodge: Dodged            |    67 |   145 ||   212
